 Dungeon Crawl Stone Soup version 0.31-a0-1589-g8f5e8aebd6 (webtiles) character file.

Game seed: 920887285424024299

124473 Ofeo the Bludgeoner (level 16, -1/176 (180) HPs)
             Began as an Oni Gladiator on Jan 1, 2024.
             Was the Champion of Okawaru.
             Shot with an arrow by a deep elf archer (23 damage)
             ... on level 1 of the Shoals on Jan 5, 2024.
             The game lasted 00:49:42 (32245 turns).

Ofeo the Bludgeoner (Oni Gladiator)                Turns: 32245, Time: 00:49:42

HP:   -1/176 (180)  AC: 12    Str: 24    XL:     16   Next: 93%
MP:   27/27         EV: 23    Int:  9    God:    Okawaru [******]
Gold: 3227          SH:  5    Dex: 21    Spells: 15/15 levels left

rFire   + . .        v - +0 giant club (protect)
rCold   + + +        (shield currently unavailable)
rNeg    . . .        L - +1 robe of Vines {NoPotionHeal Regen++++}
rPois   .            c - +1 hat
rElec   .            b - scarf of the Swan {rC+ rF+, Dex+3}
rCorr   .            (gloves unavailable)
SInv    .            (boots unavailable)
Will    ++...        Q - amulet "Ranuhauk" {Reflect *Corrode rC+++ Will+ Dex+4 SH+5}
Stlth   ++           j - +5 ring of evasion
HPRegen 3.69/turn    H - +4 ring of slaying
MPRegen 0.20/turn

%: corrode self (3%), reflection
@: under a protective aura, lightly drained
A: large, unfitting armour, horns 1, tough skin 1, double potion healing,
drunken brawling
a: Renounce Religion, Heroism, Finesse, Duel


You were on level 1 of the Shoals.
You worshipped Okawaru.
Okawaru was exalted by your worship.
You visited 4 branches of the dungeon, and saw 23 of its levels.
You also visited: Gauntlet.

You collected 3480 gold pieces.
You spent 253 gold pieces at shops.

Inventory:

Hand Weapons
 v - a +0 giant club of protection (weapon)
 D - a +0 giant spiked club
Missiles
 d - 6 throwing nets
 t - 10 curare-tipped darts
 B - 27 large rocks (quivered)
 C - 17 javelins
 J - 4 atropa-tipped darts
 N - a datura-tipped dart
 V - 2 silver javelins
Armour
 b - the scarf of the Swan (worn) {rC+ rF+, Dex+3}
   (Okawaru gifted it to you on level 2 of the Lair of Beasts)

   Dex+3:     It affects your dexterity (+3).
 c - a +1 hat (worn)
 f - the +0 cloak of the Ten Hosts {Dex+7}
   (You found it on level 2 of the Dungeon)

   Dex+7:     It affects your dexterity (+7).
 F - a +0 troll leather armour
 L - the +1 robe of Vines (worn) {NoPotionHeal Regen++++}
   (You found it on level 2 of the Lair of Beasts)

   NoPotionHeal: Its wearer cannot be healed by potions.
   Regen++++: It increases your rate of health regeneration.
 U - +0 fire dragon scales
Jewellery
 j - a +5 ring of evasion (left hand)
 o - a ring of protection from fire
 y - an amulet of regeneration
 H - a +4 ring of slaying (right hand)
 O - a ring of resist corrosion
 Q - the amulet "Ranuhauk" (around neck) {Reflect *Corrode rC+++ Will+ Dex+4 SH+5}
   (You found it in a Gauntlet)

   [amulet of reflection]

   Reflect:   It reflects blocked missile attacks.
   Dex+4:     It affects your dexterity (+4).
   rC+++:     It renders you almost immune to cold.
   Will+:     It increases your willpower.
   *Corrode:  It may corrode you when you take damage.
   SH+5:      It affects your SH (+5).
Wands
 G - a wand of roots (13)
 S - a wand of quicksilver (8)
Scrolls
 g - a scroll of fog
 i - 3 scrolls of identify {@r1}
 k - 4 scrolls of immolation
 n - 2 scrolls of enchant armour
 s - 3 scrolls of teleportation {@r3}
 A - a scroll of fear
 E - 4 scrolls of blinking {@r4}
 K - 4 scrolls of enchant weapon
 M - a scroll of amnesia
 P - 2 scrolls of vulnerability
 T - 4 scrolls of poison
Potions
 a - 6 potions of ambrosia
 e - 6 potions of enlightenment
 h - 6 potions of heal wounds {@q2}
 l - 4 potions of lignification
 m - 2 potions of might {@q4}
 p - 3 potions of cancellation
 q - 5 potions of curing {@q1}
 r - 3 potions of resistance {@q6}
 u - 7 potions of mutation
 w - a potion of degeneration
 x - 2 potions of brilliance
 z - a potion of attraction
 I - a potion of invisibility
 R - a potion of berserk rage


   Skills:
 + Level 16.5 Fighting
 * Level 16.8 Maces & Flails
 + Level 13.1 Throwing
 + Level 11.9 Dodging
 - Level 15.2 Invocations


You had 15 spell levels left.
You didn't know any spells.
Your spell library contained the following spells:

 Spells                   Type           Power      Damage    Failure   Level
 Ensorcelled Hibernation  Hex/Ice        0%         N/A       52%         2
 Mercury Vapours          Alch/Air       0%         N/A       52%         2
 Sublimation of Blood     Necr           0%         N/A       52%         2
 Dazzling Flash           Conj/Hex       0%         N/A       77%         3
 Frozen Ramparts          Ice            0%         1d1       77%         3
 Fugue of the Fallen      Necr           0%         N/A       77%         3
 Inner Flame              Hex/Fire       0%         N/A       77%         3
 Mephitic Cloud           Conj/Alch/Air  0%         N/A       77%         3
 Ozocubu's Armour         Ice            0%         N/A       77%         3
 Volatile Blastmotes      Fire/Tloc      0%         2d10      77%         3
 Flame Wave               Conj/Fire      0%         2d4       99%         4
 Fulminant Prism          Conj/Alch      0%         3d5       99%         4
 Iskenderun's Mystic Bla  Conj/Tloc      0%         2d3       99%         4
 Leda's Liquefaction      Alch/Erth      0%         N/A       99%         4
 Manifold Assault         Tloc           0%         N/A       99%         4
 Petrify                  Alch/Erth      0%         N/A       99%         4
 Sticky Flame             Fire/Alch      0%         2d4       99%         4
 Freezing Cloud           Conj/Ice/Air   0%         6-21      100%        5
 Metabolic Englaciation   Hex/Ice        0%         N/A       100%        5
 Plasma Beam              Fire/Air       0%         2x1d10    100%        6
 Starburst                Conj/Fire      0%         6d3       100%        6
 Ozocubu's Refrigeration  Ice            0%         4d7       100%        7
 Maxwell's Capacitive Co  Air            0%         ∞         100%        8
 Call Imp                 Summ           Unusable   N/A       N/A         2
 Sculpt Simulacrum        Ice/Alch       Unusable   N/A       N/A         6
 Summon Hydra             Summ           Unusable   N/A       N/A         7

Dungeon Overview and Level Annotations

Branches:
Dungeon (15/15)            Temple (0/1) D:7            Lair (5/5) D:10
 Shoals (1/4) Lair:2       Spider (0/4) Lair:3        Slime (0/5) Lair:5
    Orc (2/2) D:10            Elf (0/3) Orc:2        Vaults (0/5) D:13
 Depths (0/4) D:15        Gauntlet (visited)

Altars:
Ashenzari
Dithmenos
Elyvilon
Kikubaaqudgha
Okawaru
Trog
Uskayaw
Xom
Zin
Jiyva

Shops:
Orc:2 *[=(

Annotations:
D:3 3 runed translucent doors, Curundu's ghost, amateur MiBe
Lair:4 2 transporters
Orc:2 2 runed translucent doors, grandjackal's ghost, journeyman DsGl


Innate Abilities, Weirdness & Mutations

You are too large for most types of armour.
You have a pair of small horns on your head.
You have tough skin. (AC +1)
You gain doubled healing and magic from potions.
Whenever you drink a healing potion, you attack all around you.


Message History

Okawaru accepts your kill. Okawaru grants you throwing weapons!
Something appears at your feet!
You regained 3 hp, and now have 58/176 hp.
You completely miss the deep elf archer.
Something hits you!
* * * LOW HITPOINT WARNING * * *
The deep elf archer unwields a +0 shortbow.
The deep elf archer wields a +0 dagger.
You block the deep elf archer's attack.
You take 12 damage, and have 46/176 hp.
You bludgeon the deep elf archer!! You headbutt the deep elf archer.
The deep elf archer is heavily wounded.
Something closely misses you.
The deep elf archer gestures wildly while chanting.
The deep elf archer blinks!
You regained 3 hp, and now have 49/176 hp.
Something hits you!
* * * LOW HITPOINT WARNING * * *
The deep elf archer unwields a +0 dagger.
The deep elf archer wields a +0 shortbow.
The deep elf archer shoots an arrow.
The arrow hits you!
* * * LOW HITPOINT WARNING * * *
You see here a water nymph skeleton.
You take 16 damage, and have 33/176 hp.
You miss something. Something misses you.
You regained 2 hp, and now have 35/176 hp.
Something blocks your attack.
The deep elf archer shoots an arrow.
The arrow hits you!
* * * LOW HITPOINT WARNING * * *
You take 7 damage, and have 28/176 hp.
Something blocks your attack.
You hear some strange, mumbled words.
A shard of ice appears from out of thin air!
The shard of ice misses you.
The deep elf archer shoots an arrow.
The arrow hits you!
* * * LOW HITPOINT WARNING * * *
You take 9 damage, and have 19/176 hp.
You miss something. Your headbutt misses something.
Something closely misses you.
The deep elf archer shoots an arrow.
The arrow hits you!!
You die...

#....~~~≈≈ ..~)~~~~~~~#
'.~~....~~ ~~~~~~~~~~~#
.:~~~.... ~~~~~~~~~~~#
.~~!~..[. ~~~~~~~~~~~#
##e....!e~ ≈≈≈≈≈~~~~~~#
##)~.....~~ ≈≈≈≈≈≈~~~~~##
##.~)~.:..~~
≈≈≈≈≈≈~~....###...........
≈≈≈≈≈≈~~....#.)@...#####..
≈#≈≈≈≈~#~÷÷.##{##.##
#≈≈≈≈###~~.##[)### ###
#≈≈≈≈≈≈~~##.~~#....####..##
≈≈≈≈≈≈≈≈~~##~~###.))[.....##
≈≈≈≈≈#≈≈~~##~~####....)...~###
≈≈≈≈##≈~~~..~~~####...)~~~~~~~
≈≈## ###~.##.~~~~~~~~~))~~~~~~
~~######..###..~~~~~)~~~~~~~~~


You could see a deep elf archer (repels missiles).

Vanquished Creatures
  Rupert (Orc:2)
  Frances (D:12)
  Kirke (D:12)
  A frost giant (D:15)
  A deep elf sorcerer (Shoals:1)
  An orc warlord (Orc:1)
  A deep elf annihilator (Shoals:1)
  A dire elephant (Lair:5)
  The ghost of Heha Ogi the Fighter, a journeyman DjSh of Cheibriados (Lair:3)
  A minotaur (Gauntlet)
  A fire dragon (D:15)
  2 crystal guardians (D:15)
  Josephine (Orc:2)
  A vault guard (D:13)
  A rakshasa (D:15)
  Harold (Lair:1)
  2 catoblepae
  7 hydras
  2 centaur warriors
  Erica (D:8)
  3 boulder beetles
  A dancing weapon (D:13)
  5 two-headed ogres
  3 tengu warriors (D:14)
  An occultist (D:15)
  4 death yaks
  Nergalle (D:12)
  A naga sharpshooter (D:15)
  A sun demon (D:15)
  5 orc high priests
  Urug (Lair:2)
  A deep elf knight (Shoals:1)
  Sonja (D:13)
  A skyshark (Lair:2)
  3 sea snakes (Shoals:1)
  2 fire crabs (D:15)
  5 arcanists (D:15)
  A lindwurm (Lair:5)
  2 deep elf archers (Shoals:1)
  5 deep elf pyromancers
  3 orc knights
  A harpy (Lair:5)
  13 ugly things
  3 deep elf zephyrmancers (Shoals:1)
  6 oklob plants
  3 manticores
  9 fauns (Shoals:1)
  5 cyclopes
  3 salamanders (D:15)
  3 orc sorcerers (Orc:2)
  4 merfolk sirens (Shoals:1)
  A moth of wrath (Lair:3)
  2 water nymphs
  8 elephants
  A black mamba (shapeshifter) (D:13)
  7 black mambas
  2 kobold blastminers (Orc:2)
  3 meliai (D:13)
  A rust devil (D:15)
  5 gargoyles
  6 rime drakes
  15 cane toads
  Psyche (D:8)
  14 komodo dragons
  8 yaktaurs
  3 tengu conjurers (D:14)
  A tyrant leech (Gauntlet)
  3 polar bears
  A merfolk (Shoals:1)
  A wolf spider simulacrum (D:15)
  A queen bee (D:13)
  5 trolls
  5 hornets
  2 wind drakes (Lair:5)
  The ghost of Tollund the Conjurer, an amateur AtCj (D:4)
  18 blink frogs
  2 raiju (D:15)
  3 snapping turtles
  6 dream sheep (Lair:5)
  A jumping spider (Lair:3)
  An air elemental (D:15)
  A shadow (D:11)
  8 slime creatures
  29 yaks
  A spriggan (Lair:3)
  A vampire (D:11)
  4 water elementals
  A human (D:12)
  9 wyverns
  A steam dragon (Lair:5)
  5 wraiths
  2 basilisks
  2 hogs (D:12)
  A neqoxec (Gauntlet)
  2 wargs (Orc:1)
  A hog (shapeshifter) (D:14)
  4 redbacks
  10 vampire mosquitoes
  A chaos spawn (Gauntlet)
  An acid dragon (D:14)
  4 swamp worms (Gauntlet)
  21 water moccasins
  2 meliai simulacra (D:15)
  36 orc warriors
  2 ice beasts
  3 black bears (D:10)
  2 sky beasts
  2 laughing skulls (D:12)
  4 ogres
  9 wolves
  2 boggarts (D:15)
  4 centaurs
  2 phantoms
  7 kobold brigands
  11 bullfrogs
  A scorpion (D:6)
  A gnoll sergeant (D:6)
  3 wights (D:8)
  40 killer bees
  6 electric eels (D:14)
  5 howler monkeys
  3 bombardier beetles
  22 orc priests
  A hound (shapeshifter) (D:15)
  3 hounds
  3 jellies
  3 iguanas
  2 sleepcaps
  34 orc wizards
  5 hell rats (Lair:3)
  13 gnolls
  5 adders
  3 white imps
  3 dart slugs
  3 ribbon worms (D:3)
  94 orcs
  9 ball pythons
  4 bats
  5 endoplasms
  4 giant cockroaches
  4 goblins
  9 hobgoblins
  8 jackals
  4 quokkas
  2 frilled lizards
  18 kobolds
  3 rats
775 creatures vanquished.

Vanquished Creatures (others)
  A merfolk avatar (Lair:5)
  A gargoyle (D:15)
2 creatures vanquished.

Grand Total: 777 creatures vanquished

Notes
Turn   | Place    | Note
-------+----------+-------------------------------------------
     0 | D:1      | Ofeo the Oni Gladiator began the quest for the Orb.
     0 | D:1      | Reached XP level 1. HP: 22/22 MP: 1/1
   103 | D:1      | Reached XP level 2. HP: 11/29 MP: 2/2
   841 | D:1      | Reached XP level 3. HP: 37/37 MP: 3/3
  1616 | D:2      | Identified the +0 cloak of the Ten Hosts {Dex+7}
  1683 | D:2      | Reached XP level 4. HP: 44/48 MP: 4/4
  2222 | D:3      | Found a shadowy altar of Dithmenos.
  2222 | D:3      | Found a hide-covered altar of Uskayaw.
  2465 | D:3      | Found a runed translucent gate.
  2466 | D:3      | Found a runed translucent gate.
  2494 | D:3      | Found a runed translucent gate.
  2497 | D:3      | Noticed Curundu's ghost (amateur MiBe)
  2497 | D:3      | You fall into a shaft and drop 2 floors!
  2497 | D:5      | Entered Level 5 of the Dungeon
  2534 | D:5      | Reached XP level 5. HP: 54/54 MP: 5/5
  2629 | D:4      | Noticed Tollund's ghost (amateur AtCj)
  2632 | D:4      | Found a transporter.
  2642 | D:4      | Found a transporter.
  4343 | D:5      | Reached XP level 6. HP: 56/63 MP: 6/6
  4454 | D:5      | Reached skill level 5 in Fighting
  4668 | D:5      | Noticed a sky beast
  4678 | D:5      | Killed a sky beast
  4679 | D:5      | Reached XP level 7. HP: 63/72 MP: 7/7
  5453 | D:5      | Reached skill level 5 in Maces & Flails
  5542 | D:5      | Found an iron altar of Okawaru.
  5754 | D:5      | Became a worshipper of Warmaster Okawaru
  6078 | D:6      | Reached XP level 8. HP: 18/84 MP: 8/8
  6592 | D:6      | Reached skill level 5 in Dodging
  6809 | D:6      | Reached * piety under Okawaru
  6810 | D:6      | Reached skill level 5 in Throwing
  7619 | D:7      | Found a shimmering altar of Xom.
  7742 | D:7      | Noticed a hornet
  7757 | D:7      | HP: 1/88 [hornet (7)]
  7759 | D:7      | Killed a hornet
  7759 | D:7      | Reached ** piety under Okawaru
  7760 | D:7      | Reached XP level 9. HP: 19/96 MP: 9/9
  7927 | D:6      | Upgraded the game from 0.31-a0-1540-g5a0b83f448 to
                  | 0.31-a0-1549-g5ff9445e89
  8511 | D:7      | Found a staircase to the Ecumenical Temple.
  8617 | D:7      | Found an ancient bone altar of Kikubaaqudgha.
  9353 | D:7      | Reached skill level 1 in Invocations
  9599 | D:8      | Noticed Psyche
 10184 | D:8      | Killed Psyche
 10343 | D:8      | Found a white marble altar of Elyvilon.
 10597 | D:8      | Reached *** piety under Okawaru
 10692 | D:8      | Reached XP level 10. HP: 70/107 MP: 13/13
 11017 | D:8      | Reached skill level 5 in Invocations
 11539 | D:8      | Noticed Erica
 11599 | D:8      | Killed Erica
 11599 | D:8      | Reached **** piety under Okawaru
 12223 | D:8      | Identified a scroll of acquirement
 12223 | D:8      | Acquired 1036 gold pieces
 12470 | D:9      | Found a broken altar of Ashenzari.
 12956 | D:9      | Found a bloodstained altar of Trog.
 13321 | D:10     | Entered Level 10 of the Dungeon
 13533 | D:10     | Reached ***** piety under Okawaru
 13567 | D:10     | Reached skill level 10 in Fighting
 13571 | D:10     | Reached XP level 11. HP: 95/117 MP: 16/16
 13986 | D:10     | Found a staircase to the Lair.
 14076 | D:10     | Found a staircase to the Orcish Mines.
 14135 | D:10     | Found a glowing silver altar of Zin.
 14317 | D:10     | Noticed a white ugly thing
 14330 | D:10     | Killed a white ugly thing
 14648 | D:10     | Received a gift from Okawaru
 15019 | D:11     | Noticed a two-headed ogre
 15312 | D:11     | Noticed a two-headed ogre
 15315 | D:11     | Killed a two-headed ogre
 15359 | D:11     | Noticed a boulder beetle
 15361 | D:11     | Killed a two-headed ogre
 15362 | D:11     | Reached skill level 10 in Maces & Flails
 15375 | D:11     | Killed a boulder beetle
 16126 | Lair:1   | Entered Level 1 of the Lair of Beasts
 16137 | Lair:1   | Received a gift from Okawaru
 16165 | Lair:1   | You fall into a shaft and drop 1 floor!
 16175 | Lair:2   | Noticed Urug
 16187 | Lair:2   | Noticed a six-headed hydra
 16189 | Lair:2   | Noticed an oklob plant
 16190 | Lair:2   | Noticed a four-headed hydra
 16312 | Lair:1   | Reached XP level 12. HP: 121/130 MP: 19/19
 16457 | Lair:1   | Received a gift from Okawaru
 16656 | Lair:1   | Reached skill level 10 in Invocations
 16703 | Lair:1   | Noticed Harold
 16714 | Lair:1   | Killed Harold
 17109 | Lair:2   | Noticed a four-headed hydra
 17116 | Lair:2   | Killed a four-headed hydra
 17186 | Lair:2   | Killed a four-headed hydra
 17204 | Lair:2   | Killed a six-headed hydra
 17204 | Lair:2   | Reached ****** piety under Okawaru
 17254 | Lair:2   | Received a gift from Okawaru
 17292 | Lair:2   | Acquired the +7 great mace of Wamewno {pain, Dex+2}
 17292 | Lair:2   | Received a gift from Okawaru
 17302 | Lair:2   | Acquired the scarf of the Swan {rC+ rF+, Dex+3}
 17302 | Lair:2   | Received a gift from Okawaru
 17426 | Lair:2   | Killed Urug
 17567 | Lair:2   | Found the +1 robe of Vines {NoPotionHeal Regen++++}
 17923 | Lair:2   | Found a staircase to the Shoals.
 18018 | Lair:2   | Noticed a boulder beetle
 18041 | Lair:2   | Killed a boulder beetle
 18074 | Lair:2   | Received a gift from Okawaru
 18075 | Lair:2   | Reached XP level 13. HP: 135/140 MP: 21/21
 18611 | Lair:3   | Found a hole to the Spider Nest.
 18640 | Lair:2   | HP: 5/141 [redback (6)]
 19315 | Lair:3   | Noticed Heha Ogi's ghost (journeyman DjSh)
 19326 | Lair:3   | Found a bloodstained altar of Trog.
 19330 | Lair:3   | Found a transporter.
 19336 | Lair:3   | Found a transporter.
 19615 | Lair:3   | Received a gift from Okawaru
 20410 | Lair:4   | Found a transporter.
 20434 | Lair:4   | Noticed a green very ugly thing
 20438 | Lair:4   | Found a transporter.
 20514 | Lair:4   | Reached skill level 10 in Throwing
 20600 | Lair:4   | Identified the +3 chain mail of Zeufint {rN+ Dex+4}
 20984 | Lair:5   | Entered Level 5 of the Lair of Beasts
 21133 | Lair:4   | Received a gift from Okawaru
 21399 | Lair:5   | Reached XP level 14. HP: 134/153 MP: 23/23
 21503 | Lair:5   | Found the +8 Vampire's Tooth {megavamp}
 21523 | Lair:5   | Identified the staff "Qestorghe" {rN+ Conj}
 21555 | Lair:5   | Received a gift from Okawaru
 21701 | Lair:5   | Found a viscous altar of Jiyva.
 21701 | Lair:5   | Found a staircase to the Slime Pits.
 21736 | Lair:5   | Noticed a dire elephant
 21744 | Lair:5   | Killed a dire elephant
 21805 | Lair:5   | Received a gift from Okawaru
 22524 | Lair:2   | Reached skill level 10 in Dodging
 22614 | Orc:1    | Entered Level 1 of the Orcish Mines
 23248 | Orc:2    | Entered Level 2 of the Orcish Mines
 23277 | Orc:2    | Found a large runed translucent door.
 23323 | Orc:2    | Found a large runed translucent door.
 23324 | Orc:2    | Noticed grandjackal's ghost (journeyman DsGl)
 23429 | Orc:2    | Received a gift from Okawaru
 23448 | Orc:2    | Found a staircase to the Elven Halls.
 23521 | Orc:2    | Noticed Rupert
 23524 | Arena    | Entered the Arena
 23562 | Orc:2    | Noticed Josephine
 23567 | Orc:2    | Killed Rupert
 23572 | Orc:2    | HP: 7/234 [orc warrior/+0 mace (5)]
 23574 | Orc:2    | HP: 1/234 [wraith[Josephine] (11)]
 23579 | Orc:2    | Killed Josephine
 23579 | Orc:2    | HP: 7/234 [orc warrior/+0 glaive (5)]
 23781 | Orc:2    | Noticed an orc warlord
 23797 | Orc:2    | Found Viankof's Antique Armour Boutique.
 23797 | Orc:2    | Found Qeptooss's Antique Weapon Shop.
 23801 | Orc:2    | Found Uthreeb's General Store.
 23801 | Orc:2    | Found Fenud's Jewellery Boutique.
 23899 | Orc:2    | Received a gift from Okawaru
 23900 | Orc:2    | Reached XP level 15. HP: 163/163 MP: 26/26
 24215 | Orc:1    | Reached skill level 15 in Invocations
 24221 | Orc:1    | Killed an orc warlord
 24629 | Orc:2    | Bought a potion of curing for 39 gold pieces
 24629 | Orc:2    | Bought a scroll of fog for 52 gold pieces
 24629 | Orc:2    | Bought a scroll of blinking for 97 gold pieces
 24629 | Orc:2    | Bought a potion of heal wounds for 65 gold pieces
 25061 | D:12     | Noticed Nergalle
 25083 | D:11     | Upgraded the game from 0.31-a0-1549-g5ff9445e89 to
                  | 0.31-a0-1570-g93c622d222
 25188 | D:12     | Killed Nergalle
 25205 | D:12     | Found a gate leading to a gauntlet.
 25215 | Gauntlet | Entered a Gauntlet
 25215 | Gauntlet | Found a transporter.
 25225 | Gauntlet | Found a transporter.
 25236 | Gauntlet | Found a transporter.
 25239 | Gauntlet | Found a transporter.
 25272 | Gauntlet | Found a transporter.
 25275 | Gauntlet | Found a transporter.
 25286 | Gauntlet | Found a transporter.
 25289 | Gauntlet | Found a transporter.
 25293 | Gauntlet | Found a runed translucent door.
 25295 | Gauntlet | Found a runed translucent door.
 25298 | Gauntlet | Found a transporter.
 25313 | Gauntlet | Found a transporter.
 25317 | Gauntlet | Found a runed translucent door.
 25325 | Gauntlet | Found a transporter.
 25330 | Gauntlet | Found a transporter.
 25333 | Gauntlet | Found a transporter.
 25363 | Gauntlet | Found a transporter.
 25586 | Gauntlet | Received a gift from Okawaru
 25617 | Gauntlet | Identified the amulet "Ranuhauk" {Reflect *Corrode rC+++
                  | Will+ Dex+4 SH+5}
 26418 | D:12     | Noticed Frances
 26500 | D:12     | Killed Frances
 26516 | D:12     | Noticed Kirke
 26529 | D:12     | Killed Kirke
 26547 | D:12     | Identified the +15 plate armour of Peek-a-Boo {Regen+ Int-4
                  | Stlth+}
 27053 | D:13     | Found a gate to the Vaults.
 27114 | D:13     | Received a gift from Okawaru
 27451 | D:13     | Reached skill level 15 in Fighting
 27451 | D:13     | Reached skill level 15 in Maces & Flails
 27467 | D:13     | Noticed Sonja
 27493 | D:13     | Killed Sonja
 28015 | D:14     | Received a gift from Okawaru
 28719 | D:15     | Entered Level 15 of the Dungeon
 28763 | D:15     | Reached XP level 16. HP: 144/176 MP: 27/27
 28822 | D:15     | Found a staircase to the Depths.
 29198 | D:15     | Got the Writings on Snowy Cinders
 29209 | D:15     | Received a gift from Okawaru
 29377 | D:15     | Paralysed by an air elemental for 1 turns
 29816 | D:14     | Found a shadowy altar of Dithmenos.
 29978 | D:14     | Received a gift from Okawaru
 30351 | D:15     | Identified the staff "Canexady" {MP+9 Earth Alchemy}
 30483 | D:15     | Identified the +3 rapier of the King {flame, rN+ SInv}
 30797 | Shoals:1 | Entered Level 1 of the Shoals
 31007 | Shoals:1 | Upgraded the game from 0.31-a0-1570-g93c622d222 to
                  | 0.31-a0-1576-ga3383bade6
 31029 | Shoals:1 | Received a gift from Okawaru
 31727 | D:4      | Killed Tollund's ghost
 31729 | D:4      | Identified the staff "Beast's Death Toll" {rF- rC+ Int+6
                  | Stlth+ Ice}
 32031 | Lair:2   | Upgraded the game from 0.31-a0-1576-ga3383bade6 to
                  | 0.31-a0-1589-g8f5e8aebd6
 32133 | Lair:3   | Killed Heha Ogi's ghost
 32238 | Shoals:1 | Received a gift from Okawaru
 32245 | Shoals:1 | Shot with an arrow by a deep elf archer

Illustrated notes

Levels and vault maps discovered:
D:1:      dpeg_arrival_stonehenge_8_columns, layout_basic,
          nicolae_figureground_pulse
D:2:      layout_basic
D:3:      layout_basic, gammafunk_temple_overflow_statue,
          gammafunk_ghost_necromancy, st_stairs_5, kennysheep_generic_room_9
D:4:      layout_basic, gammafunk_ghost_arena
D:5:      layout_basic, mainiacjoe_overflow_tiny_flanked, bh_walls_and_bars
D:6:      layout_basic, eino_tiny_chamber
D:7:      layout_gridville, mainiacjoe_overflow_24_doors,
          mainiacjoe_overflow_cross_hatched, minmay_temple_entry_sparse_star
D:8:      minmay_recursive_quarters, layout_cave_pods, elyvilon_altar_5,
          special_room [special_room_orc], kennysheep_generic_room_4,
          uniq_psyche, uniq_erica
D:9:      layout_stronghold, mainiacjoe_overflow_surrounded_room,
          mainiacjoe_overflow_chevrons
D:10:     layout_roguey, zin_academy, minmay_lair_entry_grove, orc_0_dummy
D:11:     layout_basic, hangedman_abyss_or_decor_passed
D:12:     layout_gridville, gauntlet_entry_generic, hangedman_decor_opposing,
          uniq_frances, uniq_nergalle, uniq_kirke
D:13:     layout_basic, erik_vaults_1, special_room [special_room_bee],
          small_statue_alley_a, uniq_sonja
D:14:     layout_basic, grunt_dithmenos_smoke_and_mirrors
D:15:     hangedman_crystal_crosses_colossus [crystal_crosses_arms_four,
          crystal_crosses_arms_four, crystal_crosses_arms_two]
Lair:1:   layout_hall_layers, uniq_harold
Lair:2:   layout_cave_pods, minmay_shoals_entry_hut,
          hellmonk_guarded_unrand_vines, infiniplex_staircase_pool_2, uniq_urug
Lair:3:   layout_cave_pods, spider_nest_entry_a,
          gammafunk_ghost_wrathful_warriors
Lair:4:   minmay_lair_oklob_tunnel, layout_long_grid,
          gammafunk_ghost_abyssal_escape
Lair:5:   gammafunk_lair_ancient_temple, layout_long_grid,
          dpeg_slime_entry_enclosed, nicolae_lair_yak_garden
Shoals:1: nicolae_shoals_deep_elves_summer_vacation, layout_shoals,
          nicolae_shoals_lost_giant_hut, nicolae_shoals_so_close
Orc:1:    layout_caves, minmay_orc_temple_c
Orc:2:    st_orc_congregation, layout_diamond_mine, ebering_ghost_disaster_area,
          basic_altar, mines2_david, uniq_josephine, uniq_rupert

Skill      XL: |  1  2  3  4  5  6  7  8  9 10 11 12 13 14 15 16 |
---------------+-------------------------------------------------+-----
Fighting       | 3 4 5 6 8 9 10 11 12 13 14 15 16 | 16.5
Dodging        | 3 4 5 6 7 8 9 10 11 | 11.9
Throwing       | 3 4 6 7 8 9 10 11 12 13 | 13.1
Maces & Flails | 4 5 6 7 9 10 11 12 14 15 16 | 16.8
Invocations    | 4 7 9 11 13 14 15 | 15.2

Action                     |  1- 3 |  4- 6 |  7- 9 | 10-12 | 13-15 | 16-18 || total
---------------------------+-------+-------+-------+-------+-------+-------++-------
  Melee: Flail             |    69 |   119 |    41 |       |       |       ||   229
         Headbutt          |    15 |    16 |    55 |   120 |   307 |   108 ||   621
         Punch             |       |     1 |       |       |       |       ||     1
         Giant club        |       |       |   222 |   547 |  1227 |   397 ||  2393
         Dire flail        |       |       |     3 |       |       |       ||     3
  Throw: Large rock        |       |       |    11 |    25 |    12 |    10 ||    58
         Dart              |       |       |     3 |    10 |       |       ||    13
         Javelin           |       |       |       |       |     3 |       ||     3
 Invoke: Heroism           |       |       |     1 |     3 |     2 |     1 ||     7
         Receive Weapon    |       |       |       |     1 |       |       ||     1
         Receive Armour    |       |       |       |     1 |       |       ||     1
         Duel              |       |       |       |       |     1 |       ||     1
         Finesse           |       |       |       |       |     1 |       ||     1
    Use: Scroll            |       |     5 |     9 |    10 |     8 |     3 ||    35
         Potion            |       |       |     3 |     2 |     5 |     1 ||    11
   Stab: Sleeping          |       |     3 |     3 |     2 |     2 |     1 ||    11
         Distracted        |       |     1 |       |     2 |       |     1 ||     4
 Armour: Robe              |    63 |    82 |   255 |   221 |   804 |   233 ||  1658
         Troll leather arm |       |       |       |   140 |    16 |       ||   156
  Dodge: Dodged            |    60 |    73 |   233 |   581 |  1297 |   289 ||  2533
  Block: Other             |       |       |       |       |    51 |    76 ||   127
         Reflection        |       |       |       |       |     3 |     8 ||    11

Table legend: (Time is in decaauts)
 A = Elapsed time spent in this place.
 B = Non-inter-level travel time spent in this place.
 C = Inter-level travel time spent in this place.
 D = Time resting spent in this place.
 E = Time spent auto-exploring this place.
 F = Levels seen in this place.
 G = Mean time per level.
                   A        B        C        D        E       F      G
               +--------+--------+--------+--------+--------+-----+--------+
         Total |  32244 |  29493 |   2751 |   3532 |  19459 |  25 | 1289.8 |
       Dungeon |  22268 |  20297 |   1971 |   2810 |  13890 |  15 | 1484.5 |
          Lair |   6831 |   6229 |    602 |    379 |   4195 |   5 | 1366.2 |
        Shoals |    362 |    336 |     26 |      4 |    112 |   1 |  362.0 |
  Orcish Mines |   2311 |   2160 |    151 |    338 |   1103 |   2 | 1155.5 |
      Gauntlet |    442 |    442 |      0 |      0 |    159 |   1 |  442.0 |
         Arena |     28 |     28 |      0 |      0 |      0 |   1 |   28.0 |
               +--------+--------+--------+--------+--------+-----+--------+

Top non-repeatable levels by time:
     D:8: 2773 daAuts
     D:6: 2105 daAuts
     D:7: 1837 daAuts
  Lair:2: 1789 daAuts
    D:10: 1776 daAuts
    D:11: 1589 daAuts
     D:4: 1554 daAuts
     D:5: 1528 daAuts
  Lair:3: 1446 daAuts
    D:12: 1436 daAuts
   Orc:2: 1332 daAuts
  Lair:4: 1316 daAuts
    D:14: 1269 daAuts
     D:1: 1213 daAuts
  Lair:5: 1202 daAuts
